 Dungeon Crawl Stone Soup version 0.27-a0-202-gdcb3803577 (webtiles) character file.

Game seed: 1744666855434957229

130 Astera the Thaumaturge (level 5, -1/37 HPs)
             Began as a Gnoll Wanderer on Jan 30, 2021.
             Slain by Jessica
             ... wielding a +0 club
              (4 damage)
             ... on level 3 of the Dungeon.
             The game lasted 00:12:26 (3844 turns).

Astera the Thaumaturge (Gnoll Wanderer)             Turns: 3844, Time: 00:12:27

Health: -1/37      AC:  2    Str: 12    XL:     5   Next: 13%
Magic:  16/16      EV:  9    Int: 11    God:
Gold:   127        SH:  8    Dex: 12    Spells: 21/22 levels left

rFire    . . .     SeeInvis .   m - +0 spear (freeze)
rCold    . . .     Faith    .   e - +0 kite shield
rNeg     . . .     Spirit   .   d - +0 robe
rPois    .         Reflect  .   (no helmet)
rElec    .         Harm     .   (no cloak)
rCorr    .         Rampage  .   (no gloves)
Will     .....                  (no boots)
Stlth    ++........             (no amulet)
HPRegen  0.12/turn              (no ring)
MPRegen  0.15/turn              (no ring)

@: no status effects
A: distributed training, fangs 1, strong nose
a: no special abilities


You were on level 3 of the Dungeon.
You visited 1 branch of the dungeon, and saw 3 of its levels.

You collected 127 gold pieces.

Inventory:

Hand Weapons
 a - a +0 club
 c - a +0 dagger of freezing
 m - a +0 spear of freezing (weapon)
Armour
 d - a +0 robe (worn)
 e - a +0 kite shield (worn)
Wands
 p - a wand of paralysis (5)
Scrolls
 j - a scroll of identify {unknown}
 k - 3 scrolls of remove curse {unknown}
 l - 2 scrolls of amnesia {unknown}
 n - 2 scrolls of fog {unknown}
Potions
 b - a potion of attraction {unknown}
 f - a potion of ambrosia {unknown}
 g - 2 potions of curing {unknown}
 h - 2 potions of invisibility {unknown}
 i - a potion of berserk rage {unknown}
 o - a potion of brilliance {unknown}


   Skills:
 + Level 1.3 Fighting
 + Level 1.3 Short Blades
 + Level 1.3 Long Blades
 + Level 1.3 Axes
 + Level 1.3 Maces & Flails
 + Level 1.3 Polearms
 + Level 1.3 Staves
 + Level 1.3 Slings
 + Level 1.3 Bows
 + Level 1.3 Crossbows
 + Level 1.3 Throwing
 + Level 1.3 Armour
 + Level 1.3 Dodging
 + Level 2.7 Stealth
 + Level 2.9 Shields
 + Level 1.3 Unarmed Combat
 + Level 9.3 Spellcasting
 + Level 1.1 Conjurations
 + Level 1.1 Hexes
 + Level 1.1 Summonings
 + Level 1.1 Necromancy
 + Level 1.1 Translocations
 + Level 1.1 Transmutations
 + Level 3.9 Fire Magic
 + Level 1.1 Ice Magic
 + Level 3.9 Air Magic
 + Level 1.1 Earth Magic
 + Level 1.1 Poison Magic
 + Level 1.5 Invocations
 + Level 1.3 Evocations


You had 21 spell levels left.
You knew the following spells:

 Your Spells              Type           Power        Failure   Level
a - Foxfire               Conj/Fire      40%          22%         1

Your spell library contained the following spells:

 Spells                   Type           Power        Failure   Level
 Swiftness                Air            13%          19%         2
 Corpse Rot               Necr/Air       N/A          34%         2
 Conjure Flame            Conj/Fire      10%          56%         3


Dungeon Overview and Level Annotations

Branches:
Dungeon (3/15)

Altars:
Ashenzari
Dithmenos

Annotations:
D:3 Jessica


Innate Abilities, Weirdness & Mutations

Your experience applies equally to all skills.
You have very sharp teeth.
Your uncanny sense of smell can sniff out nearby items.


Message History

You climb downwards.
Level annotation: Jessica Jessica hits you with a +0 club.
There is a stone staircase leading up, spattered with blood here.
You closely miss Jessica.
Jessica mumbles some strange words.
Jessica seems to speed up.
You barely miss Jessica. Jessica closely misses you.
Jessica points at you and mumbles some strange words.
Pain shoots through your body!
You closely miss Jessica. You block Jessica's attack.
Jessica hits you with a +0 club!
You hit Jessica but do no damage. You block Jessica's attack. x2
You barely miss Jessica. Jessica hits you with a +0 club.
You barely miss Jessica. Jessica casts a spell at you.
Pain shoots through your body!
* * * LOW HITPOINT WARNING * * *
Jessica hits you with a +0 club.
You die...

#.#########g### #
#)####### #g#.....#
#g#.###.# #.#.# #.# #.#
###########g#.# #.# #.#
#.o...o#......# #.### #.#
#.####o#.##.#####...# #o#
#.#[@#o#.##.# #..#.. #o#
#.#@##.#.##.####'###) #.#
#o#.##.#g##.##.....#. #.#
#.#.##.#g##..#..♣†.#.
#.###o#)##.#g###.'.♣♣♣.'.
#.#...#.#....#.#
###.†♣..#.
#.......######.# #.....#.
#####.)....@...# ###'###.
############ #.....


You could see Jessica (fast).

Vanquished Creatures
  Robin (D:3)
  An adder (D:3)
  3 gnolls (D:2)
  2 worms
  A dart slug (D:2)
  A leopard gecko (D:1)
  6 orcs
  3 giant cockroaches
  14 goblins
  9 hobgoblins
  A quokka (D:2)
  9 bats
  3 frilled lizards
  6 kobolds
  3 rats (D:3)
63 creatures vanquished.

Vanquished Creatures (others)
  109 foxfires
109 creatures vanquished.

Grand Total: 172 creatures vanquished

Notes
Turn   | Place    | Note
-------+----------+-------------------------------------------
     0 | D:1      | Reached skill level 9 in Spellcasting
     0 | D:1      | Astera the Gnoll Wanderer began the quest for the Orb.
     0 | D:1      | Astera set off with the following items: a +0 club, a +0
                  | robe, a +0 kite shield; and the following spell memorised:
                  | Foxfire; and the following spells available to memorise:
                  | Swiftness, Corpse Rot, Conjure Flame
     0 | D:1      | Reached XP level 1. HP: 13/13 MP: 10/10
   197 | D:1      | Reached XP level 2. HP: 18/19 MP: 12/12
   882 | D:2      | Reached XP level 3. HP: 25/25 MP: 11/13
  1135 | D:2      | Found a shadowy altar of Dithmenos.
  1149 | D:2      | Reached skill level 1 in Invocations
  1308 | D:2      | Found a broken altar of Ashenzari.
  1582 | D:2      | Reached skill level 1 in Fighting
  1582 | D:2      | Reached skill level 1 in Short Blades
  1582 | D:2      | Reached skill level 1 in Long Blades
  1582 | D:2      | Reached skill level 1 in Axes
  1582 | D:2      | Reached skill level 1 in Maces & Flails
  1582 | D:2      | Reached skill level 1 in Polearms
  1582 | D:2      | Reached skill level 1 in Staves
  1582 | D:2      | Reached skill level 1 in Slings
  1582 | D:2      | Reached skill level 1 in Bows
  1582 | D:2      | Reached skill level 1 in Crossbows
  1582 | D:2      | Reached skill level 1 in Throwing
  1582 | D:2      | Reached skill level 1 in Armour
  1582 | D:2      | Reached skill level 1 in Dodging
  1582 | D:2      | Reached skill level 1 in Unarmed Combat
  1582 | D:2      | Reached skill level 1 in Evocations
  1582 | D:2      | Reached XP level 4. HP: 32/32 MP: 12/15
  2539 | D:3      | Reached skill level 1 in Conjurations
  2539 | D:3      | Reached skill level 1 in Hexes
  2539 | D:3      | Reached skill level 1 in Summonings
  2539 | D:3      | Reached skill level 1 in Necromancy
  2539 | D:3      | Reached skill level 1 in Translocations
  2539 | D:3      | Reached skill level 1 in Transmutations
  2539 | D:3      | Reached skill level 1 in Ice Magic
  2539 | D:3      | Reached skill level 1 in Earth Magic
  2539 | D:3      | Reached skill level 1 in Poison Magic
  2697 | D:3      | Noticed Robin
  2752 | D:3      | Killed Robin
  2753 | D:3      | Reached XP level 5. HP: 10/37 MP: 16/16
  3274 | D:3      | Noticed Jessica
  3844 | D:3      | Slain by Jessica

Illustrated notes

Levels and vault maps discovered:
D:1:      lemuel_arrival_funnel, layout_rooms
D:2:      layout_rooms, marbit_many_paths, kennysheep_flooded_box,
          nicolae_dithmenos_shadow_blocks
D:3:      layout_basic, old_standard_altar, lemuel_coloured_pillars_altar,
          serial_corexii_hall, corexii_hall_statues_i, corexii_hall_statues_t,
          kennysheep_generic_room_13, uniq_jessica, uniq_robin

Skill      XL: |  1  2  3  4 |
---------------+-------------+-----
Spellcasting   | |  9.3
Invocations    | 1 |  1.5
Fighting       | 1 |  1.3
Short Blades   | 1 |  1.3
Long Blades    | 1 |  1.3
Axes           | 1 |  1.3
Maces & Flails | 1 |  1.3
Polearms       | 1 |  1.3
Staves         | 1 |  1.3
Slings         | 1 |  1.3
Bows           | 1 |  1.3
Crossbows      | 1 |  1.3
Throwing       | 1 |  1.3
Armour         | 1 |  1.3
Dodging        | 1 |  1.3
Unarmed Combat | 1 |  1.3
Evocations     | 1 |  1.3
Conjurations   | 1 |  1.1
Hexes          | 1 |  1.1
Summonings     | 1 |  1.1
Necromancy     | 1 |  1.1
Translocations | 1 |  1.1
Transmutations | 1 |  1.1
Ice Magic      | 1 |  1.1
Earth Magic    | 1 |  1.1
Poison Magic   | 1 |  1.1
Stealth        | |  2.7
Shields        | |  2.9
Fire Magic     | |  3.9
Air Magic      | |  3.9

Action                   |  1- 3 |  4- 6 || total
-------------------------+-------+-------++-------
Melee: Dagger            |    10 |       ||    10
       Club              |     1 |       ||     1
       Spear             |    25 |    97 ||   122
       Bite              |     2 |     9 ||    11
 Cast: Foxfire           |    49 |    29 ||    78
 Stab: Sleeping          |       |     2 ||     2
Armor: Robe              |     9 |     8 ||    17
Dodge: Dodged            |    14 |    31 ||    45
Block: Kite shield       |    17 |    49 ||    66

Table legend: (Time is in decaauts)
 A = Elapsed time spent in this place.
 B = Non-inter-level travel time spent in this place.
 C = Inter-level travel time spent in this place.
 D = Time resting spent in this place.
 E = Time spent auto-exploring this place.
 F = Levels seen in this place.
 G = Mean time per level.
                   A        B        C        D        E       F      G
               +--------+--------+--------+--------+--------+-----+--------+
         Total |   3889 |   3817 |     72 |   1185 |   1714 |   3 | 1296.3 |
       Dungeon |   3889 |   3817 |     72 |   1185 |   1714 |   3 | 1296.3 |
               +--------+--------+--------+--------+--------+-----+--------+

Top non-repeatable levels by time:
     D:2: 1725 daAuts
     D:1: 1419 daAuts
     D:3: 744 daAuts
